 Dungeon Crawl Stone Soup version 0.32-a0-818-gb728d0252e (webtiles) character file.

Game seed: 14557809022712170027

87 Rohain the Cudgeller (level 4, -1/16 (38) HPs)
             Began as a Mountain Dwarf Reaver on Mar 23, 2024.
             Slain by an orc wizard
             ... wielding a +0 dagger
              (3 damage)
             ... on level 2 of the Dungeon.
             The game lasted 00:03:43 (1514 turns).

Rohain the Cudgeller (Mountain Dwarf Reaver)        Turns: 1514, Time: 00:03:43

HP:   -1/16 (38)    AC:  4    Str: 14 (17) XL:     4   Next: 28%
MP:   7/7           EV: 10    Int: 10 (13) God:
Gold: 68            SH:  0    Dex:  6 (8)  Spells: 4/7 levels left

rFire   . . .        a - +0 mace
rCold   . . .        (no shield)
rNeg    . . .        b - +1 leather armour
rPois   .            (no helmet)
rElec   .            (no cloak)
rCorr   .            (no gloves)
SInv    .            (no boots)
Will    .....        (no amulet)
Stlth   +            (no ring)
HPRegen 0.22/turn    (no ring)
MPRegen 0.10/turn

%: no passive effects
@: extremely drained
A: runic magic, artefact enchanting
a: no special abilities


You were on level 2 of the Dungeon.
You visited 1 branch of the dungeon, and saw 3 of its levels.

You collected 68 gold pieces.

Inventory:

Hand Weapons
 a - a +0 mace (weapon)
Armour
 b - a +1 leather armour (worn)
Jewellery
 h - a ring of magical power
Scrolls
 c - a scroll of identify
 e - 2 scrolls of teleportation
 j - a scroll of amnesia
Potions
 g - a potion of enlightenment


   Skills:
 + Level 3.0 Fighting
 + Level 4.2 Maces & Flails
 + Level 1.6 Armour
 - Level 1.3 Dodging
 + Level 2.3 Spellcasting
 + Level 3.1 Conjurations


You had 4 spell levels left.
You knew the following spells:

 Your Spells              Type           Power      Damage    Failure   Level
a - Kiss of Death         Conj/Necr      16%        2d6       17%         1
b - Momentum Strike       Conj/Tloc      8%         3d8       26%         2

Your spell library contained the following spells:

 Spells                   Type           Power      Damage    Failure   Level
 Mercury Vapours          Alch/Air       2%         N/A       43%         2
 Hailstorm                Conj/Ice       4%         3d5       45%         3
 Mephitic Cloud           Conj/Alch/Air  3%         N/A       52%         3
 Freezing Cloud           Conj/Ice/Air   1%         6-21      99%         5


Dungeon Overview and Level Annotations

Branches:
Dungeon (3/15)

Altars:


Innate Abilities, Weirdness & Mutations

Your spellcasting is much less encumbered by armour.
You can use scrolls of enchantment on lesser artefacts.


Message History

The orc wizard hits you but does no damage.
The orc shouts!
The orc wizard points at you and mumbles some strange words.
The magic dart hits you.
You climb upwards.
There is a stone staircase leading down here.
You barely miss the orc wizard. The orc completely misses you.
The orc wizard casts a spell at you.
You are confused.
You bump into the rock wall.
The orc barely misses you.
The orc wizard gestures at you while chanting.
You resist with some effort.
You bump into the rock wall.
The orc barely misses you.
The orc wizard hits you but does no damage.
You miss the orc. The orc barely misses you.
You bump into the rock wall.
You're too confused to move!
You feel less confused.
The orc wizard hits you with a +0 dagger.
The orc hits you with a +0 club. The orc wizard closely misses you.
The orc wizard casts a spell.
The orc wizard flickers and vanishes!
Deactivating autopickup; reactivate with Ctrl-A.
The orc attacks as it pursues you! The orc hits you with a +0 club.
You sock the orc!
You kill the orc!
A magic dart appears from out of thin air!
The magic dart hits you.
* * * LOW HITPOINT WARNING * * *
Unknown command.
It was a potion of degeneration.
There was something very wrong with that liquid.
You feel weakened.
You feel dopey.
You feel clumsy.
You barely miss something. Something hits you.
* * * LOW HITPOINT WARNING * * *
You hit something. Something hits you but does no damage.
You closely miss something. Something hits you but does no damage.
Something hits you.
You die...

...........<............# #.
.......#.#.#.#.####.....# #.
...#.......#.#.## #.....########.
...#.###.##..#.## ########.......
...#.###.##.##.###########.######
...#.###.##.##.###.......#.#
#..............###.#####.#.#
.....###......####.# #.#.#
########.##.#..{@..# #...#
##...###.##.#.>###.# #.###
.....###.##......#.#####.#
##...#......#..#.........#
##.##.#.##.#..###.#####.#
#............###<#####.#
####.#..#รท##...........#
#####.......##############
#...........#


There were no monsters in sight!

Vanquished Creatures
  5 gnolls
  3 dart slugs
  A ribbon worm (D:2)
  An orc (D:2)
  4 ball pythons
  2 bats (D:2)
  2 endoplasms
  3 goblins
  4 hobgoblins
  A quokka (D:1)
  4 kobolds (D:1)
  A rat (D:1)
31 creatures vanquished.

Notes
Turn   | Place    | Note
-------+----------+-------------------------------------------
     0 | D:1      | Rohain the Mountain Dwarf Reaver began the quest for the
                  | Orb.
     0 | D:1      | Reached XP level 1. HP: 17/17 MP: 3/3
   187 | D:1      | Reached XP level 2. HP: 13/25 MP: 5/5
   265 | D:1      | Learned a level 2 spell: Momentum Strike
   361 | D:1      | Reached skill level 1 in Armour
   687 | D:2      | Reached XP level 3. HP: 27/30 MP: 6/6
   757 | D:2      | Reached skill level 4 in Maces & Flails
  1241 | D:2      | HP: 1/21 [gnoll/+0 spear (5)]
  1254 | D:2      | Reached XP level 4. HP: 3/26 MP: 5/7
  1514 | D:2      | Slain by an orc wizard

Illustrated notes

Levels and vault maps discovered:
D:1:      lightli_arrival_isolated_outpost, layout_rooms
D:2:      layout_loops_cross
D:3:      layout_loops_ring, ebering_ecumenical_altar_rust,
          ebering_ghost_reflecting_pool, minmay_misc_feat_roman, uniq_terence,
          uniq_crazy_yiuf_cottage, uniq_jessica

Skill      XL: |  1  2  3  4 |
---------------+-------------+-----
Spellcasting   | 2 |  2.3
Armour         | 1 |  1.6
Maces & Flails | 4 |  4.2
Conjurations   | 3 |  3.1
Fighting       | 3 |  3.0
Dodging        | |  1.3

Action                     |  1- 3 |  4- 6 || total
---------------------------+-------+-------++-------
  Melee: Mace              |    66 |    20 ||    86
   Cast: Momentum Strike   |     3 |       ||     3
         Kiss of Death     |     3 |     2 ||     5
    Use: Scroll            |     7 |       ||     7
         Potion            |     4 |     1 ||     5
 Armour: Leather armour    |    58 |    20 ||    78
  Dodge: Dodged            |    33 |    17 ||    50

Table legend: (Time is in decaauts)
 A = Elapsed time spent in this place.
 B = Non-inter-level travel time spent in this place.
 C = Inter-level travel time spent in this place.
 D = Time resting spent in this place.
 E = Time spent auto-exploring this place.
 F = Levels seen in this place.
 G = Mean time per level.
                   A        B        C        D        E       F      G
               +--------+--------+--------+--------+--------+-----+--------+
         Total |   1523 |   1485 |     38 |    282 |    868 |   3 |  507.7 |
       Dungeon |   1523 |   1485 |     38 |    282 |    868 |   3 |  507.7 |
               +--------+--------+--------+--------+--------+-----+--------+

Top non-repeatable levels by time:
     D:2: 849 daAuts
     D:1: 618 daAuts
     D:3: 55 daAuts
